 Dungeon Crawl Stone Soup version 0.17-a0-1509-g274fe30 (webtiles) character file.

33 Genovi the Gusty (level 3, -3/27 HPs)
             Began as a Human Wanderer on July 10, 2015.
             Was a Follower of Fedhas.
             Slain by Crazy Yiuf
             ... wielding a +4 quarterstaff of chaos
              (8 damage)
             ... while paralysed by Crazy Yiuf
             ... on level 3 of the Dungeon.
             The game lasted 00:09:40 (1977 turns).

Genovi the Gusty (Human Wanderer)                   Turns: 1977, Time: 00:09:40

Health: -3/27      AC:  5    Str:  9    XL:     3   Next: 47%
Magic:  6/6        EV:  2    Int: 19    God:    Fedhas [*.....]
Gold:   64         SH:  0    Dex: 16    Spells: 0 memorised, 6 levels left

rFire  . . .     SeeInvis .     j - +0 hunting sling
rCold  . . .     Rnd*Rage +     f - +0 leather armour
rNeg   . . .     SustAt   .     w - +0 large shield
rPois  .         Gourm    .     s - +0 helmet
rElec  .         Spirit   .     (no cloak)
rCorr  .         Warding  .     q - +0 pair of gloves
rMut   .         Stasis   .     (no boots)
MR     .....                    (no amulet)
Stlth  ++........               (no ring)
                                (no ring)

@: paralysed, brilliant, flying, very slightly contaminated, starving, hasted,
invisible, not resistant to hostile enchantments, unstealthy
A: thin skeletal structure 1, berserk 1, wild magic 1
a: Evolution, Renounce Religion


You were on level 3 of the Dungeon.
You worshipped Fedhas.
Fedhas was aware of your devotion.
You were starving.

You visited 1 branch of the dungeon, and saw 3 of its levels.

You collected 64 gold pieces.

Inventory:

Hand weapons
 c - a +0 blowgun
 j - a +0 hunting sling (weapon)
Missiles
 b - 6 javelins
 n - 52 stones (quivered)
 o - 10 poisoned needles
 p - 73 sling bullets
 u - 2 needles of confusion
Armour
 f - a +0 leather armour (worn)
 q - a +0 pair of gloves (worn)
 s - a +0 helmet (worn)
 w - a +0 large shield (worn)
Scrolls
 a - 6 scrolls of fear
 k - a scroll of enchant weapon {unknown}
 l - 3 scrolls of teleportation {unknown}
 m - a scroll of identify {unknown}
 y - a scroll of magic mapping {unknown}
Potions
 d - a potion of ambrosia
Comestibles
 e - a bread ration
 x - a meat ration


   Skills:
 - Level 2.0 Fighting
 + Level 1.1(2.0) Slings
 - Level 2.7(2.9) Throwing
 - Level 1.0 Shields
 - Level 1.0 Unarmed Combat
 - Level 2.0 Spellcasting
   Level 3.0 Air Magic


You had 6 spell levels left.
You didn't know any spells.

Dungeon Overview and Level Annotations

Branches:
Dungeon (3/15)

Altars:
Fedhas
Qazlal
The Shining One

Annotations:
D:3 Crazy Yiuf


Innate Abilities, Weirdness & Mutations

You have a somewhat thin skeletal structure (Dex +2, Stealth).
You tend to lose your temper in combat.
Your spells are a little harder to cast, but a little more powerful.


Message History

Drink which item? (? for menu, Esc to quit)
It was a potion of haste.
You feel yourself speed up. Crazy Yiuf barely misses you.
You are very lightly contaminated with residual magic.
Drink which item? (? for menu, Esc to quit)
It was a potion of mutation.
You feel extremely strange.
You feel a little pissed off.
Your bones become slightly less dense.
You feel less in control of your magic.
Drink which item? (? for menu, Esc to quit)
It was a potion of invisibility.
You fade into invisibility!
Crazy Yiuf hits you with a quarterstaff of chaos!
You suddenly lose the ability to move!
You are starving!
Crazy Yiuf hits you but does no damage.
You are electrocuted!
Ouch! That really hurt!
* * * LOW HITPOINT WARNING * * *
Crazy Yiuf hits you with a quarterstaff of chaos!
You die...
Fedhas appreciates your contribution to the ecosystem.

♣♣.♣ ♣♣(♣♣
♣♣)..♣
♣).).♣
#....#
#.(..#
##+#...##
##..!#g##
##.....@#
#.......##
.....((.<#
.......(.+
.........#
#.......##
.......##
#.#)..#
#.##+#


You could see Crazy Yiuf.

Vanquished Creatures
  A worm (D:2)
  2 ball pythons (D:1)
  2 goblins (D:1)
  6 hobgoblins
  3 bats
  6 giant newts
  5 kobolds
  8 rats
33 creatures vanquished.

Notes
Turn   | Place    | Note
--------------------------------------------------------------
     0 | D:1      | Genovi the Human Wanderer began the quest for the Orb.
     0 | D:1      | Genovi set off with: 2 scrolls of fear, 11 poisoned needles, a +0 blowgun, a +0 robe, a bread ration
     0 | D:1      | Reached XP level 1. HP: 16/16 MP: 3/3
   211 | D:1      | Reached XP level 2. HP: 22/22 MP: 5/5
   607 | D:1      | Reached XP level 3. HP: 27/27 MP: 6/6
  1204 | D:2      | Found a faded altar to an unknown god.
  1209 | D:2      | Became a worshipper of Fedhas Madash
  1209 | D:2      | Acquired Fedhas's first power
  1222 | D:2      | Found a stormy altar of Qazlal.
  1498 | D:2      | Found a glowing golden altar of the Shining One.
  1733 | D:2      | Reached skill level 1 in Slings
  1951 | D:3      | Noticed Crazy Yiuf
  1973 | D:3      | Gained mutation: You tend to lose your temper in combat. [potion of mutation]
  1973 | D:3      | Gained mutation: You have a somewhat thin skeletal structure (Dex +2, Stealth). [potion of mutation]
  1973 | D:3      | Gained mutation: Your spells are a little harder to cast, but a little more powerful. [potion of mutation]
  1974 | D:3      | Paralysed by Crazy Yiuf for 3 turns
  1977 | D:3      | Slain by Crazy Yiuf

Vault maps used:
D:1:      dpeg_arrival_shrine, minmay_strange_pillars, st_stairs_11
D:2:      nicolae_overflow_crystal_walls, tso_metal_star, ecumenical_altar_1,
          grunt_decor_cap
D:3:      first_bread, minmay_door_square, uniq_crazy_yiuf_cottage, uniq_terence

Action                   || total
-------------------------++-------
Melee: Unarmed           ||    11
 Fire: Blowgun           ||    39
       Hunting sling     ||    47
Throw: Javelin           ||     3
  Use: Potion            ||    10
 Stab: Sleeping          ||     4
  Eat: Chunk             ||     1
